 Dungeon Crawl Stone Soup version 0.17.1-3-g152610e (webtiles) character file.

4171 Krapule the Fighter (level 10, -8/66 HPs)
             Began as a Gargoyle Gladiator on Mar 21, 2016.
             Was a Follower of Cheibriados.
             Killed from afar by Erolcha (42 damage)
             ... with a crystal spear
             ... on level 8 of the Dungeon.
             The game lasted 00:25:02 (7830 turns).

Krapule the Fighter (Gargoyle Gladiator)            Turns: 7830, Time: 00:25:02

Health: -8/66      AC: 26    Str: 20    XL:     10   Next: 28%
Magic:  13/13      EV:  8    Int: 18    God:    Cheibriados [*.....]
Gold:   342        SH:  0    Dex: 12    Spells: 0 memorised, 9 levels left

rFire  . . .     SeeInvis .     a - +1 quarterstaff
rCold  . . .     Clarity  .     D - +0 plate armour {rPois}
rNeg   + + .     SustAt   .     (shield currently unavailable)
rPois  ∞         Gourm    .     c - +1 helmet
rElec  +         Spirit   .     v - +0 cloak
rCorr  .         Warding  .     (no gloves)
rMut   .         Stasis   .     m - +0 pair of boots
MR     .....                    (no amulet)
Stlth  ..........               C - +3 ring of intelligence
                                O - ring of positive energy

@: very slow, not resistant to hostile enchantments, extremely unstealthy
A: negative energy resistance 1, electricity resistance, unbreathing,
petrification resistance, rot immunity, AC +7
a: Bend Time, Renounce Religion


You were on level 8 of the Dungeon.
You worshipped Cheibriados.
Cheibriados was aware of your devotion.
You were hungry.

You visited 2 branches of the dungeon, and saw 9 of its levels.

You collected 397 gold pieces.
You spent 55 gold pieces at shops.

Inventory:

Hand Weapons
 a - a +1 quarterstaff (weapon)
 E - the +4 hand axe "Qyudwuz" {freeze, *Noise rPois SInv Stlth+}
   (You found it on level 4 of the Dungeon)

   It has been specially enchanted to freeze those struck by it, causing extra
   injury to most foes and up to half again as much damage against particularly
   susceptible opponents.
   It can also slow down cold-blooded creatures.
   It protects you from poison.
   It lets you see invisible.
   It may make noises in combat.
   It makes you more stealthy.
Missiles
 j - 3 throwing nets
 r - a tomahawk (quivered)
Armour
 b - a +0 leather armour
 c - a +1 helmet (worn)
 m - a +0 pair of boots (worn)
 v - a +0 cloak (worn)
 D - a +0 plate armour of poison resistance (worn)
Magical Staves
 F - an uncursed staff of wizardry
Jewellery
 u - an uncursed ring of invisibility
 y - an uncursed ring of ice
 C - a +3 ring of intelligence (right hand)
 L - an uncursed ring of flight
 O - a ring of positive energy (left hand)
Wands
 d - a wand of frost (13)
 t - a wand of flame (21)
 H - a wand of fire (12)
 N - a wand of frost (20)
Scrolls
 g - a scroll of enchant armour
 h - 3 scrolls of remove curse
 i - 5 scrolls of teleportation
 l - 9 scrolls of identify
 n - 2 scrolls of brand weapon {unknown}
 G - 3 scrolls of fear
 J - a scroll of magic mapping
 K - a scroll of blinking
Potions
 f - a potion of ambrosia {unknown}
 k - 4 potions of curing {unknown}
 o - 2 potions of lignification {unknown}
 p - a potion of flight {unknown}
 q - a potion of haste {unknown}
 w - 2 potions of cancellation {unknown}
 x - 4 potions of heal wounds
 I - 2 potions of cure mutation
 M - a potion of agility {unknown}
Books
 B - a book of Air

   Spells                             Type                      Level
   a - Shock                          Conjuration/Air              1
   b - Swiftness                      Charms/Air                   2
   c - Repel Missiles                 Charms/Air                   2
   d - Static Discharge               Conjuration/Air              3
   e - Lightning Bolt                 Conjuration/Air              5
Comestibles
 e - 10 bread rations
 s - a slice of pizza
 z - 2 fruits
 A - 6 meat rations


   Skills:
 + Level 9.5 Fighting
 + Level 5.6 Staves
 - Level 4.0 Throwing
 + Level 9.3 Armour
 - Level 4.0 Dodging
 + Level 4.0 Invocations


You had 9 spell levels left.
You didn't know any spells.

Dungeon Overview and Level Annotations

Branches:
Dungeon (8/15)             Temple (1/1) D:6
   Lair: D:8-11

Altars:
Ashenzari
Cheibriados
Dithmenos
Elyvilon
Fedhas
Gozag
Kikubaaqudgha
Makhleb
Nemelex Xobeh
Okawaru
Qazlal
Ru
Sif Muna
Trog
Vehumet
Xom
Yredelemnul
Zin
The Shining One

Shops:
D:6 !

Annotations:
D:8 Erolcha


Innate Abilities, Weirdness & Mutations

You are resistant to torment.
Your stone body is resilient (AC +7).
You are immune to poison.
You resist negative energy.
You are resistant to electric shocks.
You can survive without breathing.
You are immune to petrification.
You are immune to rotting.


Message History

You throw a tomahawk.
The tomahawk hits Erolcha but does no damage.
Erolcha is moderately wounded.
You barely miss Erolcha.
Erolcha is moderately wounded.
Erolcha hits you with a giant club.
You hit Erolcha but do no damage.
Erolcha is moderately wounded.
Erolcha hits you with a giant club.
You barely miss Erolcha.
Erolcha is moderately wounded.
Erolcha hits you with a giant club.
You hit Erolcha.
Erolcha is moderately wounded.
You barely miss Erolcha.
Erolcha is moderately wounded.
Erolcha gestures at you while chanting. The crystal spear hits you!
Ouch! That really hurt!
You die...

#.# #.# #.# #.# #.#
#.# ###.# # #.#
#...# #. #.# #.###
.( #.# #.#
..#.#.######.# #.#
......O@.....####.#
#.#.#(#####.......#
?( #.####### .((
#.# ... ..# .. ####
#


You could see Erolcha.

Vanquished Creatures
  Pikel (D:6)
  A spriggan (D:7)
  A deep elf mage (D:6)
  6 humans (D:7)
  Eustachio (D:5)
  2 sky beasts (D:7)
  An ice beast (D:6)
  The ghost of juanjsm the Sneak, an amateur SpEn (D:3)
  A phantom (D:4)
  2 orc warriors (D:6)
  5 ogres
  A centaur (D:7)
  Blork the orc (D:5)
  A big kobold (D:7)
  5 giant frogs
  A scorpion (D:4)
  3 vampire bats (D:2)
  A jelly (D:6)
  2 crimson imps
  3 hounds
  A giant frog skeleton (D:7)
  A centaur skeleton (D:4)
  An iguana (D:5)
  3 orc wizards
  2 worker ants
  A hound zombie (D:7)
  7 adders
  A gnoll (D:1)
  2 oozes
  An adder skeleton (D:4)
  3 worms
  7 giant geckos
  27 orcs
  3 bat skeletons (D:2)
  A bat zombie (D:2)
  10 giant cockroaches
  10 hobgoblins
  3 jackals
  A quokka (D:2)
  A ball python (D:2)
  8 bats
  2 giant gecko skeletons
  A giant gecko zombie (D:5)
  5 giant newts
  4 goblins
  9 kobolds
  8 rats
163 creatures vanquished.

Vanquished Creatures (others)
  4 slaves (D:6)
  A giant frog (D:6)
  2 quokkas (D:6)
  A quokka skeleton (D:6)
8 creatures vanquished.

Grand Total: 171 creatures vanquished

Notes
Turn   | Place    | Note
--------------------------------------------------------------
     0 | D:1      | Krapule the Gargoyle Gladiator began the quest for the Orb.
     0 | D:1      | Reached XP level 1. HP: 12/12 MP: 1/1
   184 | D:1      | Reached XP level 2. HP: 15/18 MP: 2/2
   355 | D:1      | Reached skill level 1 in Armour
   358 | D:1      | Reached XP level 3. HP: 4/22 MP: 3/3
   771 | D:1      | You fall through a shaft!
  1187 | D:2      | Found an ancient bone altar of Kikubaaqudgha.
  1199 | D:2      | Reached XP level 4. HP: 23/27 MP: 4/4
  1214 | D:2      | Reached XP level 5. HP: 26/32 MP: 5/5
  1819 | D:3      | Noticed juanjsm's ghost (amateur SpEn)
  1840 | D:3      | Reached XP level 6. HP: 30/37 MP: 6/6
  2046 | D:3      | Killed juanjsm's ghost
  2046 | D:3      | Reached skill level 4 in Staves
  2371 | D:3      | Found a shimmering altar of Xom.
  2520 | D:3      | Found a white marble altar of Elyvilon.
  2713 | D:4      | Got a fine hand axe
  2714 | D:4      | Identified the +4 hand axe "Qyudwuz" {freeze, *Noise rPois SInv Stlth+} (You found it on level 4 of the Dungeon)
  2797 | D:4      | Reached XP level 7. HP: 36/43 MP: 7/7
  3437 | D:5      | Entered Level 5 of the Dungeon
  3857 | D:5      | Noticed Eustachio
  4166 | D:5      | Noticed Blork the orc
  4181 | D:5      | Killed Blork the orc
  4181 | D:5      | Reached skill level 5 in Fighting
  4181 | D:5      | Reached XP level 8. HP: 49/49 MP: 8/8
  4206 | D:5      | Found a shattered altar of Ashenzari.
  4318 | D:5      | Killed Eustachio
  4318 | D:5      | Reached skill level 5 in Armour
  4758 | D:6      | Reached skill level 6 in Fighting
  5254 | D:6      | Reached skill level 7 in Fighting
  5302 | D:6      | Reached XP level 9. HP: 49/57 MP: 9/9
  5341 | D:6      | Found Gaaro's Distillery.
  5356 | D:6      | Bought a potion of heal wounds for 55 gold pieces
  5426 | D:6      | Noticed Pikel
  5459 | D:6      | Killed Pikel
  5459 | D:6      | Reached skill level 8 in Fighting
  5490 | D:6      | Found an opulent altar of Gozag.
  5851 | D:6      | Found a staircase to the Ecumenical Temple.
  5890 | Temple   | Entered the Ecumenical Temple
  5983 | Temple   | Became a worshipper of Cheibriados the Contemplative
  6533 | D:7      | Found a shimmering altar of Xom.
  6577 | D:7      | Reached skill level 1 in Invocations
  6618 | D:7      | Found a glowing golden altar of the Shining One.
  7027 | D:7      | Reached skill level 9 in Fighting
  7143 | D:7      | Reached skill level 5 in Staves
  7158 | D:7      | Reached XP level 10. HP: 56/66 MP: 12/12
  7483 | D:7      | Found a shadowy altar of Dithmenos.
  7634 | D:7      | Reached * piety under Cheibriados
  7820 | D:8      | Noticed Erolcha
  7830 | D:8      | Killed from afar by Erolcha

Action                   |  1- 3 |  4- 6 |  7- 9 | 10-12 || total
-------------------------+-------+-------+-------+-------++-------
Melee: Quarterstaff      |   129 |   188 |   334 |    98 ||   749
       Hand axe          |       |    15 |   102 |    12 ||   129
Throw: Tomahawk          |       |     2 |    19 |     5 ||    26
       Throwing net      |       |       |     3 |       ||     3
  Use: Scroll            |       |       |    12 |       ||    12
 Stab: Sleeping          |     1 |       |       |       ||     1
  Eat: Chunk             |     1 |     4 |    15 |     2 ||    22
       Pizza             |       |       |     1 |       ||     1
